 Dungeon Crawl Stone Soup version 0.32-a0-928-g1cae6b7ea0 (webtiles) character file.

Game seed: 11459374467856815244

263167 Ofeo the Warrior (level 20, -5/172 HPs)
             Began as a Coglin Brigand on Apr 12, 2024.
             Was an Initiate of Gozag.
             Slain by a war gargoyle
             ... wielding a +0 great mace
             ... led by a peacekeeper
              (38 damage)
             ... on level 2 of the Vaults on Apr 13, 2024.
             The game lasted 01:46:00 (63508 turns).

Ofeo the Warrior (Coglin Brigand)                  Turns: 63508, Time: 01:46:00

Health: -5/172     AC: 27    Str: 17    XL:     20   Next: 1%
Magic:  6/6        EV: 14    Int: 15    God:    Gozag
Gold:   2836       SH:  0    Dex: 19    Spells: 19/19 levels left

rFire   + + .        U - +5 demon whip "Spellbinder" {antimagic, disrupt, Will+}
rCold   + + .        R - +5 morningstar of Eternal Harmony {freeze, rC+ Str+3}
rNeg    . . .        W - +4 chain mail
rPois   .            b - +2 hat "Myxunac" {^Drain Fly rF++ Int+3}
rElec   .            C - +2 cloak {Stlth+}
rCorr   .            (no gloves)
SInv    .            E - +2 pair of boots
Will    ++...        (amulet unavailable)
Stlth   ++           (ring unavailable)
HPRegen 0.48/turn    (ring unavailable)
MPRegen 0.10/turn    c - retroencabulator WL-00 {Gadgeteer, rC+ Slay+3}

%: no passive effects
@: about to teleport, gold aura, flying, revved
A: off-hand wielding, slow wielding, warmup strikes, no jewellery, horns 1,
dopey 1, shaggy fur 1
}: 2/15 runes: decaying, gossamer
a: Renounce Religion, Potion Petition, Call Merchant, Bribe Branch


You were on level 2 of the Vaults.
You worshipped Gozag.
Gozag was most pleased with you.
You visited 6 branches of the dungeon, and saw 32 of its levels.
You visited 1 bazaar.

You collected 13952 gold pieces.
You spent 3093 gold pieces at shops.
You paid 8023 gold pieces to Gozag.

Inventory:

Hand Weapons
 t - the +6 hammer of Contention {speed, rElec}
   (You found it on level 7 of the Dungeon)

   rElec:     It insulates you from electricity.
 u - the +3 hammer of the Ring {spect, *Noise MP+9 Int+3 Stlth+}
   (You found it on level 7 of the Dungeon)

   Int+3:     It affects your intelligence (+3).
   MP+9:      It affects your magic capacity (+9).
   *Noise:    It may make a loud noise when swung.
   Stlth+:    It makes you more stealthy.
 L - a +0 heavy broad axe
 R - the +5 morningstar of Eternal Harmony (offhand) {freeze, rC+ Str+3}
   (You bought it in a shop on level 15 of the Dungeon)

   Str+3:     It affects your strength (+3).
   rC+:       It protects you from cold.
 U - the +5 demon whip "Spellbinder" (weapon) {antimagic, disrupt, Will+}
   (You bought it in a shop on level 15 of the Dungeon)

   Will+:     It increases your willpower.
Missiles
 d - 55 poisoned darts
 k - a silver javelin
 y - 12 curare-tipped darts
Armour
 b - the +2 hat "Myxunac" (worn) {^Drain Fly rF++ Int+3}
   (You acquired it on level 15 of the Dungeon)

   Int+3:     It affects your intelligence (+3).
   rF++:      It greatly protects you from fire.
   Fly:       It grants you flight.
   ^Drain:    It drains your maximum health when unequipped.
 f - the +4 ring mail of the Lonely Cities {rF- rCorr Str+2 Stlth+}
   (You found it on level 7 of the Dungeon)

   Str+2:     It affects your strength (+2).
   rF-:       It makes you vulnerable to fire.
   rCorr:     It protects you from acid and corrosion.
   Stlth+:    It makes you more stealthy.
 C - a +2 cloak of stealth (worn)
 E - a +2 pair of boots (worn)
 T - a +0 ring mail of poison resistance
 W - a +4 chain mail (worn)
Gizmo
 c - a retroencabulator WL-00 (installed) {Gadgeteer, rC+ Slay+3}
   (You invented it yourself on level 4 of the Lair of Beasts)

   [retroencabulator WL-00]

   Gadgeteer: Your evocable items recharge 30% faster and wands have a 30%
   chance to not spend a charge.
   Slay+3:    It affects your accuracy & damage with ranged weapons and melee
   (+3).
   rC+:       It protects you from cold.
Wands
 e - a wand of paralysis (16)
 n - a wand of flame (11)
 w - a wand of digging (6) {@v1}
 D - a wand of mindburst (11) (quivered)
 G - a wand of iceblast (6) {@v4}
 P - a wand of acid (1) {@v2}
Scrolls
 a - 5 scrolls of teleportation {@r3}
 g - 5 scrolls of amnesia
 i - a scroll of identify {@r1}
 p - 7 scrolls of enchant armour
 x - 8 scrolls of poison
 z - 2 scrolls of blinking {@r4}
 B - a scroll of silence
 F - 5 scrolls of enchant weapon
 J - 2 scrolls of fear
 K - 3 scrolls of brand weapon
 N - 3 scrolls of fog
 O - a scroll of immolation
 Q - a scroll of summoning
 S - a scroll of vulnerability
 V - a scroll of revelation
Potions
 h - a potion of heal wounds {@q2}
 j - 4 potions of cancellation
 l - 2 potions of lignification
 m - 3 potions of might {@q4}
 o - 4 potions of attraction
 q - 7 potions of curing {@q1}
 r - 2 potions of resistance {@q6}
 s - 5 potions of haste {@q3}
 v - 4 potions of mutation
 A - 6 potions of ambrosia
 H - 5 potions of brilliance
 I - 2 potions of invisibility
Miscellaneous
 M - a lightning rod (4/4)


   Skills:
 + Level 18.4 Fighting
 - Level 7.0 Short Blades
 - Level 16.0 Maces & Flails
 - Level 6.0 Throwing
 + Level 13.4 Armour
 - Level 13.6 Dodging
 + Level 6.6 Stealth
 + Level 15.0 Evocations


You had 19 spell levels left.
You didn't know any spells.
Your spell library contained the following spells:

 Spells                   Type           Power      Damage    Failure   Level
 Kiss of Death            Conj/Necr      0%         2d5       85%         1
 Magic Dart               Conj           0%         1d3       85%         1
 Sandblast                Erth           0%         2d4       85%         1
 Shock                    Conj/Air       0%         1d3       85%         1
 Slow                     Hex            0%         N/A       85%         1
 Blink                    Tloc           0%         N/A       94%         2
 Call Imp                 Summ           0%         N/A       94%         2
 Ensorcelled Hibernation  Hex/Ice        0%         N/A       94%         2
 Lesser Beckoning         Tloc           0%         N/A       94%         2
 Mercury Vapours          Alch/Air       0%         N/A       94%         2
 Momentum Strike          Conj/Tloc      0%         3d8       94%         2
 Searing Ray              Conj           0%         2d4       94%         2
 Static Discharge         Conj/Air       0%         3-3/arc   94%         2
 Sublimation of Blood     Necr           0%         N/A       94%         2
 Confusing Touch          Hex            0%         N/A       99%         3
 Fugue of the Fallen      Necr           0%         N/A       99%         3
 Maxwell's Portable Pile  Tloc           0%         2d(5-13)  99%         3
 Stone Arrow              Conj/Erth      0%         3d7       99%         3
 Swiftness                Air            0%         N/A       99%         3
 Teleport Other           Tloc           0%         N/A       99%         3
 Tukima's Dance           Hex            0%         N/A       99%         3
 Vampiric Draining        Necr           0%         2d6       99%         3
 Volatile Blastmotes      Fire/Tloc      0%         2d10      99%         3
 Airstrike                Air            0%         2d(0-16)  100%        4
 Anguish                  Hex/Necr       0%         N/A       100%        4
 Animate Armour           Summ/Erth      0%         N/A       100%        4
 Brom's Barrelling Bould  Conj/Erth      0%         2d3       100%        4
 Dispel Undead            Necr           0%         3d6       100%        4
 Fulminant Prism          Conj/Alch      0%         3d5       100%        4
 Iskenderun's Mystic Bla Conj/Tloc 0%             2d3        (+2d1     100%        4
 Leda's Liquefaction      Alch/Erth      0%         N/A       100%        4
 Passage of Golubria      Tloc           0%         N/A       100%        4
 Petrify                  Alch/Erth      0%         N/A       100%        4
 Summon Lightning Spire   Summ/Air       0%         N/A       100%        4
 Vhi's Electric Charge    Tloc/Air       0%         N/A       100%        4
 Alistair's Intoxication  Alch           0%         N/A       100%        5
 Arcjolt                  Conj/Air       0%         1d10      100%        5
 Borgnjor's Vile Clutch   Necr/Erth      0%         N/A       100%        5
 Irradiate                Conj/Alch      0%         3d11      100%        5
 Iskenderun's Battlesphe  Conj           0%         2d6       100%        5
 Lee's Rapid Deconstruct  Erth           0%         3d4*      100%        5
 Yara's Violent Unravell  Hex/Alch       0%         3d3       100%        5
 Bombard                  Conj/Erth      0%         9d1       100%        6
 Death Channel            Necr           0%         N/A       100%        6
 Eringya's Noxious Bog    Alch           0%         4d6       100%        6
 Plasma Beam              Fire/Air       0%         2x1d10    100%        6
 Starburst                Conj/Fire      0%         6d3       100%        6
 Spellforged Servitor     Conj/Summ      0%         N/A       100%        7
 Chain Lightning          Conj/Air       0%         N/A       100%        9
 Animate Dead             Necr           Unusable   N/A       N/A         4

Dungeon Overview and Level Annotations

Branches:
Dungeon (15/15)            Temple (0/1) D:7            Lair (5/5) D:10
  Swamp (4/4) Lair:3       Spider (4/4) Lair:2        Slime (0/5) Lair:5
    Orc (2/2) D:9             Elf (0/3) Orc:2        Vaults (2/5) D:14
 Depths (0/4) D:15
  Crypt: Vaults:2-3

Altars:
Cheibriados
Dithmenos
Gozag
Kikubaaqudgha
Makhleb
Qazlal
Ru
Uskayaw
Wu Jian
Zin
The Shining One
Beogh
Jiyva

Shops:
D:9 (?   D:12 *   D:15 ((   Orc:2 =(!*   Lair:5 (

Portals:
Trove: D:13 (show slimy rune of Zot)

Annotations:
D:7 1 runed translucent door, Crazy Yiuf
Lair:2 1 runed translucent door, Doorstop00's ghost, journeyman GrFi


Innate Abilities, Weirdness & Mutations

You can wield a second weapon in your off-hand.
It takes a long time for you to wield or remove held weapons.
Your first few attacks do less damage.
You cannot equip rings or amulets.
You have a pair of small horns on your head.
You are dopey. (Int -2)
You are covered in fur. (AC +1)


Message History

You hit the peacekeeper but do no damage.
The peacekeeper bites you but does no damage.
The peacekeeper claws you.
You hit the peacekeeper but do no damage.
The peacekeeper is severely damaged.
You hit the peacekeeper with the +5 morningstar of Eternal Harmony.
You freeze the peacekeeper.
The peacekeeper roars a battlecry!
You hit the peacekeeper with the +5 demon whip "Spellbinder".
You destroy the peacekeeper!
A war gargoyle comes into view. It is wielding a +0 great mace.
The yaktaur wields a +0 arbalest.
The yaktaur shoots a bolt.
The bolt hits you!!
Your Evocations skill increases to level 15!
You take 18 damage, and have 131/172 hp.
You see here 4 gold pieces.
You thrash the yaktaur with the +5 demon whip "Spellbinder"!!
The yaktaur is heavily wounded.
You sock the yaktaur with the +5 morningstar of Eternal Harmony!
You freeze the yaktaur.
The yaktaur unwields a +0 arbalest.
The yaktaur hits you!
You take 9 damage, and have 123/172 hp.
You whack the yaktaur with the +5 demon whip "Spellbinder"!
You kill the yaktaur!
The yaktaur wields a +0 arbalest.
The yaktaur shoots a bolt.
The bolt hits you.
The war gargoyle hits you with a +0 great mace!!!
You hear a shout!
You take 48 damage, and have 75/172 hp.
MASSIVE DAMAGE!!
The war gargoyle hits you with a +0 great mace!!!
* * * LOW HITPOINT WARNING * * *
The yaktaur unwields a +0 arbalest.
The yaktaur closely misses you.
You hear a shout!
Things that are here:
10 gold pieces; a +0 arbalest You take 43 damage, and have 32/172 hp.
MASSIVE DAMAGE!!
As you read the scroll of teleportation {@r3}, it crumbles to dust.
You feel strangely unstable.
The war gargoyle hits you with a +0 great mace!!!
You die...
Your body crumbles into a pile of gold.

.............##......#
.
.............##......#
.............##......#
........######.$$...#
..######.$$...#
#...$.$..$..#
#...#$......#
#.#.........#
#..9@..###### #..c.#.#
#..#...# #......#
#......# #......#
#......# ......#


You could see a war gargoyle (strong) and a yaktaur.

Vanquished Creatures
  Arachne (Spider:2)
  Rupert (D:12)
  A sphinx (Vaults:1)
  2 thorn hunters (Swamp:4)
  Agnes (D:14)
  Frances (D:13)
  Aizul (Vaults:1)
  Roxanne (Spider:2)
  A fenstrider witch (Swamp:4)
  2 ghouls (Swamp:2)
  An emperor scorpion (Spider:4)
  2 vault wardens
  4 ghost moths
  2 orc warlords
  4 ironbound preservers
  A formless jellyfish (Vaults:2)
  5 broodmothers
  8 eleionomae
  4 bunyips
  4 spark wasps
  Snorg (Lair:3)
  2 fire dragons (Swamp:4)
  Josephine (Lair:4)
  4 entropy weavers
  4 jorogumos
  A great orb of eyes (Vaults:1)
  4 yaktaur captains
  2 ice dragons (D:15)
  A rakshasa (D:13)
  A shambling mangrove (Swamp:2)
  A peacekeeper (Vaults:2)
  4 vault guards
  3 ghost crabs
  16 hydras
  2 catoblepae
  6 radroaches
  13 centaur warriors
  4 ogre magi
  5 alligators
  12 boulder beetles
  15 two-headed ogres
  A death knight (D:14)
  3 ironbound frosthearts (Vaults:1)
  13 death yaks
  A deep troll shaman (Lair:5)
  8 demonic crawlers
  5 tengu warriors
  3 skysharks
  8 pharaoh ants
  4 goliath frogs
  3 skeletal warriors (D:13)
  10 orb spiders
  3 sun moths
  8 steelbarb worms
  8 bog bodies
  A spriggan druid (Swamp:4)
  11 swamp dragons
  7 deep trolls (Vaults:1)
  6 lindwurms
  4 orc knights
  5 harpies (Vaults:1)
  4 arcanists
  6 ironbound convokers
  16 ugly things
  A necromancer (Swamp:3)
  2 deep elf pyromancers
  An alligator zombie (Swamp:3)
  An obsidian bat (Orc:2)
  3 manticores
  6 orc sorcerers
  An oklob plant (Lair:3)
  7 will-o-the-wisps
  5 cyclopes
  4 meliai
  12 elephants (Lair:5)
  20 wolf spiders
  5 moths of wrath
  4 centaur zombies (D:10)
  3 kobold blastminers
  3 black mambas
  5 vault sentinels
  9 torpor snails
  2 gargoyles
  13 yaktaurs
  4 rime drakes
  4 unseen horrors (D:12)
  A bunyip simulacrum (Swamp:3)
  13 cane toads
  A kobold demonologist (D:11)
  12 komodo dragons
  An unseen horror zombie (D:10)
  An efreet (D:13)
  2 freezing wraiths
  An alligator simulacrum (Swamp:3)
  6 polar bears
  A bloated husk (Swamp:1)
  11 trolls
  A hydra zombie (Swamp:3)
  7 tyrant leeches
  33 tarantellas
  13 hornets
  5 blink frogs
  34 jumping spiders
  4 dream sheep (Lair:4)
  7 slime creatures
  A spriggan (shapeshifter) (D:14)
  11 spriggans
  21 culicivoras
  2 shadows
  3 wyverns
  3 vampires
  35 yaks
  5 wraiths
  6 basilisks
  44 redbacks
  10 vampire mosquitoes
  A steam dragon (D:9)
  12 swamp worms
  21 wargs
  Grum (D:10)
  3 acid dragons
  A hydra simulacrum (Swamp:3)
  13 water moccasins
  8 swamp drakes (Swamp:4)
  2 sky beasts (D:7)
  29 orc warriors
  6 ice beasts
  5 black bears
  A swamp dragon zombie (Swamp:3)
  2 laughing skulls (D:13)
  4 boggarts (Vaults:1)
  13 centaurs
  15 ogres
  12 wolves
  2 phantoms (D:6)
  3 kobold brigands
  12 bullfrogs
  4 scorpions
  2 wights (D:10)
  A swamp dragon simulacrum (Swamp:3)
  16 killer bees
  7 electric eels
  A human zombie (D:10)
  A bombardier beetle (D:3)
  4 centaur skeletons (D:10)
  15 orc priests
  2 gnoll boudas
  6 hounds
  A jelly (D:6)
  3 sleepcaps
  3 iguanas
  Natasha (thrice) (D:2)
  34 orc wizards
  6 hell rats (Lair:5)
  Robin (D:2)
  12 gnolls
  8 adders
  A shadow imp (D:8)
  A white imp (D:6)
  3 dart slugs
  4 ribbon worms
  101 orcs
  9 ball pythons
  3 endoplasms
  3 giant cockroaches
  4 hobgoblins
  4 jackals
  A quokka (D:4)
  4 bats
  4 frilled lizards
  17 goblins
  18 kobolds
  6 rats
1176 creatures vanquished.

Vanquished Creatures (collateral kills)
  A boulder beetle (Spider:1)
  A cane toad (Lair:3)
  3 tarantellas (Spider:1)
  2 jumping spiders (Spider:1)
  2 culicivoras (Spider:1)
  A basilisk (Lair:3)
  A redback (Spider:1)
11 creatures vanquished.

Vanquished Creatures (others)
  A fire dragon (Swamp:4)
  A spriggan (Swamp:3)
  A bog body (Swamp:1)
  A tengu conjurer (D:15)
  3 bloated husks
  2 hornets (Swamp:3)
  A tyrant leech (Swamp:2)
  2 vampire mosquitoes (Swamp:2)
  3 swamp drakes (Swamp:4)
  26 foxfires
  A spectral weapon (D:9)
42 creatures vanquished.

Grand Total: 1229 creatures vanquished

Notes
Turn   | Place    | Note
-------+----------+-------------------------------------------
     0 | D:1      | Ofeo the Coglin Brigand began the quest for the Orb.
     0 | D:1      | Reached XP level 1. HP: 16/16 MP: 1/1
    69 | D:1      | Reached skill level 1 in Dodging
   164 | D:1      | Reached XP level 2. HP: 17/22 MP: 2/2
   349 | D:1      | Got the Almanac of Concussion
   532 | D:2      | Found a faded altar of an unknown god.
   670 | D:2      | Reached skill level 3 in Fighting
   710 | D:2      | Reached XP level 3. HP: 24/29 MP: 3/3
   740 | D:2      | Noticed Natasha
   751 | D:2      | Killed Natasha
   777 | D:2      | Noticed Natasha
   780 | D:2      | Killed Natasha
   781 | D:2      | Reached skill level 4 in Fighting
   781 | D:2      | Reached XP level 4. HP: 33/37 MP: 4/4
   862 | D:2      | Noticed Natasha
   864 | D:2      | Noticed Robin
   890 | D:2      | Killed Robin
   962 | D:2      | Reached XP level 5. HP: 29/43 MP: 5/5
   984 | D:2      | Reached skill level 5 in Fighting
  1163 | D:2      | Killed Natasha
  1825 | D:3      | Reached XP level 6. HP: 51/52 MP: 6/6
  1891 | D:3      | Found an opulent altar of Gozag.
  2089 | D:3      | Reached skill level 6 in Fighting
  3003 | D:4      | Reached skill level 7 in Fighting
  3074 | D:4      | Reached XP level 7. HP: 60/60 MP: 7/7
  3696 | D:3      | Became a worshipper of Gozag Ym Sagoz the Greedy
  3731 | D:5      | Entered Level 5 of the Dungeon
  4283 | D:5      | Reached skill level 8 in Fighting
  4543 | D:5      | Found a glowing silver altar of Zin.
  4582 | D:5      | Reached skill level 9 in Fighting
  4582 | D:5      | Reached XP level 8. HP: 69/71 MP: 8/8
  4660 | D:5      | Noticed a wraith
  4962 | D:7      | Identified the +4 ring mail of the Lonely Cities {rF- rCorr
                  | Str+2 Stlth+}
  5229 | D:7      | Reached skill level 10 in Fighting
  6036 | D:6      | Reached XP level 9. HP: 46/78 MP: 9/9
  6183 | D:6      | Reached skill level 5 in Short Blades
  7455 | D:7      | Identified the +3 hammer of the Ring {spect, *Noise MP+9
                  | Int+3 Stlth+}
  7458 | D:7      | Identified the +6 hammer of Contention {speed, rElec}
  8015 | D:7      | Found a staircase to the Ecumenical Temple.
  8133 | D:7      | Found a runed translucent door.
  8134 | D:7      | Noticed Crazy Yiuf
  8489 | D:8      | Reached skill level 1 in Maces & Flails
  8599 | D:8      | Found a sacrificial altar of Ru.
  9876 | D:9      | Found a shadowy altar of Dithmenos.
 10333 | D:9      | Noticed a two-headed ogre
 10346 | D:9      | Killed a two-headed ogre
 10347 | D:9      | Reached skill level 5 in Maces & Flails
 10347 | D:9      | Reached XP level 10. HP: 68/85 MP: 10/10
 11129 | D:9      | HP: 4/85 [poisoned by a killer bee]
 11708 | D:9      | Found a staircase to the Orcish Mines.
 11932 | D:9      | Found a glowing golden altar of the Shining One.
 12187 | D:10     | Entered Level 10 of the Dungeon
 12205 | D:10     | Noticed a two-headed ogre
 12307 | D:10     | Killed a two-headed ogre
 12428 | D:10     | Noticed a two-headed ogre
 12444 | D:10     | Killed a two-headed ogre
 12448 | D:10     | Reached XP level 11. HP: 47/90 MP: 11/11
 12760 | D:10     | Noticed a purple ugly thing
 12814 | D:10     | Killed a purple ugly thing
 12815 | D:10     | Reached skill level 10 in Maces & Flails
 13245 | D:10     | Found an ancient bone altar of Kikubaaqudgha.
 13617 | D:10     | Found a staircase to the Lair.
 13648 | D:10     | Noticed Grum
 13667 | D:10     | Killed Grum
 13706 | D:10     | Identified the +8 flail "Tuimmif" {venom, Will- Int+5
                  | Dex+2}
 14084 | D:10     | Found a stormy altar of Qazlal.
 14838 | D:11     | Noticed a two-headed ogre
 14942 | D:11     | Killed a two-headed ogre
 15110 | D:11     | Noticed a boulder beetle
 15122 | D:11     | Killed a boulder beetle
 15474 | D:11     | Noticed a boulder beetle
 15509 | D:11     | Killed a boulder beetle
 15510 | D:11     | Reached XP level 12. HP: 36/97 MP: 12/12
 15538 | D:11     | Identified the +1 leather armour "Qenoluph" {rN++}
 15703 | D:11     | Noticed a centaur warrior
 15867 | D:11     | Killed a centaur warrior
 16343 | Lair:1   | Entered Level 1 of the Lair of Beasts
 17533 | Lair:1   | Got the Vellum of Venom and the Cumulonimbus
 17975 | Lair:2   | Noticed a skyshark
 17986 | Lair:2   | Killed a skyshark
 18029 | Lair:2   | Reached skill level 5 in Throwing
 18209 | Lair:2   | Noticed a seven-headed hydra
 18224 | Lair:2   | Killed a seven-headed hydra
 18378 | Lair:2   | Reached skill level 1 in Armour
 18411 | Lair:2   | Reached skill level 1 in Evocations
 18628 | Lair:2   | Found a hole to the Spider Nest.
 18710 | Lair:2   | Found a runed translucent door.
 18738 | Lair:2   | Noticed Doorstop00's ghost (journeyman GrFi)
 19244 | Lair:3   | Noticed a seven-headed hydra
 19430 | Lair:2   | Reached XP level 13. HP: 74/103 MP: 13/13
 20108 | Lair:3   | Reached skill level 5 in Evocations
 20654 | Lair:3   | Found a snail-covered altar of Cheibriados.
 21180 | Lair:3   | Noticed Snorg
 21199 | Lair:3   | Killed Snorg
 21916 | Lair:3   | Found a staircase to the Swamp.
 22011 | Lair:4   | Reached skill level 5 in Dodging
 22220 | Lair:4   | Noticed Josephine
 22228 | Lair:4   | Killed Josephine
 22229 | Lair:4   | Reached skill level 5 in Armour
 23891 | Lair:5   | Entered Level 5 of the Lair of Beasts
 24138 | Lair:5   | Found a viscous altar of Jiyva.
 24331 | Lair:4   | Reached XP level 14. HP: 105/110 MP: 14/14
 24349 | Lair:4   | Acquired a retroencabulator WL-00 {Gadgeteer, rC+ Slay+3}
 24581 | Lair:5   | Found a staircase to the Slime Pits.
 25074 | Lair:5   | Reached skill level 10 in Evocations
 25199 | Lair:5   | Identified the staff of the Poles {rPois rF+ Stlth+
                  | Alchemy}
 26793 | Lair:5   | Found an ornate altar of the Wu Jian Council.
 26794 | Lair:5   | Found a hide-covered altar of Uskayaw.
 27106 | Lair:5   | Bought a bloodstained hand cannon for 255 gold pieces
 27106 | Lair:5   | Identified the +1 hand cannon of Ycimam {freeze, Dex+4}
                  | (You bought it in a shop on level 5 of the Lair of Beasts)
 27269 | Orc:1    | Entered Level 1 of the Orcish Mines
 27687 | Orc:2    | Entered Level 2 of the Orcish Mines
 27910 | Orc:2    | Found a staircase to the Elven Halls.
 28067 | Orc:2    | Found Roegol's Distillery.
 28204 | Orc:2    | Reached XP level 15. HP: 109/115 MP: 15/15
 28246 | Orc:2    | Bought 2 potions of degeneration for 20 gold pieces
 28246 | Orc:2    | Bought a potion of invisibility for 80 gold pieces
 28246 | Orc:2    | Bought a potion of haste for 100 gold pieces
 28246 | Orc:2    | Bought a potion of haste for 100 gold pieces
 28343 | Orc:2    | Gained mutation: You sometimes lose your temper in combat.
                  | [a neqoxec]
 28389 | Orc:2    | Found a roughly hewn altar of Beogh.
 28566 | Orc:2    | Found Giorejux's General Store.
 28592 | Orc:2    | Found Ugavuxirph's Jewellery Shop.
 28609 | Orc:2    | Found Sibaw's Weapon Boutique.
 29476 | Orc:2    | Noticed an orc warlord
 29958 | Orc:2    | Lost mutation: You sometimes lose your temper in combat.
                  | [potion of mutation]
 29958 | Orc:2    | Gained mutation: You are covered in fur. (AC +1) [potion of
                  | mutation]
 29958 | Orc:2    | Gained mutation: You are dopey. (Int -2) [potion of
                  | mutation]
 29958 | Orc:2    | Gained mutation: You have a pair of small horns on your
                  | head. [potion of mutation]
 31184 | Orc:1    | Killed an orc warlord
 31185 | Orc:1    | Reached skill level 10 in Armour
 31185 | Orc:1    | Reached skill level 10 in Dodging
 31366 | Orc:2    | Noticed an orc warlord
 31409 | Orc:2    | Killed an orc warlord
 31868 | Orc:2    | Identified the staff "Hydrabane" {+Blink rC+ Conj}
 32096 | D:9      | Bought a scroll of enchant weapon for 90 gold pieces
 32096 | D:9      | Bought a scroll of blinking for 90 gold pieces
 32096 | D:9      | Bought a scroll of blinking for 90 gold pieces
 32096 | D:9      | Bought a scroll of fear for 48 gold pieces
 32096 | D:9      | Bought a scroll of teleportation for 36 gold pieces
 32457 | D:12     | Noticed Rupert
 32968 | D:12     | Killed Rupert
 33075 | D:12     | Found Gozag's Platinum Reserve.
 33081 | D:12     | Found an opulent altar of Gozag.
 34065 | D:13     | HP: 4/115 [titanic slime creature (60)]
 34762 | D:13     | Noticed Frances
 34821 | D:13     | Killed Frances
 35286 | D:13     | Found a portal to a secret trove of treasure.
 35581 | D:13     | Reached XP level 16. HP: 122/122 MP: 16/16
 36349 | D:14     | Noticed Agnes
 36360 | D:14     | Killed Agnes
 36961 | D:14     | Found a gate to the Vaults.
 38264 | D:15     | Entered Level 15 of the Dungeon
 38383 | D:15     | Found a staircase to the Depths.
 40042 | D:15     | Found a burning altar of Makhleb.
 40374 | D:15     | Identified a scroll of acquirement
 40386 | D:15     | Bought an ancient flail for 272 gold pieces
 40386 | D:15     | Identified the +1 flail "Concordance" {heavy, rC++ Will-
                  | Dex+4} (You bought it in a shop on level 15 of the Dungeon)
 40386 | D:15     | Bought an ebony morningstar for 288 gold pieces
 40386 | D:15     | Identified the +5 morningstar of Eternal Harmony {freeze,
                  | rC+ Str+3} (You bought it in a shop on level 15 of the
                  | Dungeon)
 40424 | D:15     | Acquired the +2 hat "Myxunac" {^Drain Fly rF++ Int+3}
 40642 | Spider:1 | Entered Level 1 of the Spider Nest
 40726 | Swamp:1  | Entered Level 1 of the Swamp
 41359 | Orc:2    | Bought a +0 ring mail of poison resistance for 104 gold
                  | pieces
 42190 | Swamp:2  | Reached skill level 15 in Maces & Flails
 42926 | Swamp:2  | Reached XP level 17. HP: 128/128 MP: 17/17
 44802 | Swamp:3  | Reached skill level 11 in Fighting
 44996 | Swamp:3  | Identified the +0 broad axe of Aclip {flame, *Rage +Blink
                  | rPois Stlth+}
 45048 | Swamp:3  | HP: 3/131 [spriggan rider/+0 spear (14)]
 45960 | D:15     | Bought the +5 demon whip "Spellbinder" {antimagic, disrupt,
                  | Will+} for 1156 gold pieces
 45960 | D:15     | Found the +5 demon whip "Spellbinder" {antimagic, disrupt,
                  | Will+}
 46234 | Swamp:4  | Entered Level 4 of the Swamp
 46839 | Swamp:4  | Reached skill level 12 in Fighting
 47688 | Swamp:4  | Reached skill level 13 in Fighting
 48414 | Swamp:4  | Got a decaying rune of Zot
 49405 | Spider:1 | Reached skill level 14 in Fighting
 49585 | Spider:1 | Reached XP level 18. HP: 54/147 MP: 6/18
 50764 | Spider:1 | Reached skill level 15 in Fighting
 52091 | Spider:2 | Reached skill level 16 in Fighting
 52163 | Spider:2 | HP: 1/151 [disintegration (46)]
 52580 | Spider:2 | Noticed Roxanne
 53064 | Spider:2 | Noticed Arachne
 53071 | Spider:2 | Killed Arachne
 54086 | Spider:2 | Killed Roxanne
 54087 | Spider:2 | Reached skill level 17 in Fighting
 56642 | Spider:4 | Entered Level 4 of the Spider Nest
 57023 | Spider:4 | Reached XP level 19. HP: 146/161 MP: 6/19
 59171 | Spider:4 | Found the ring of the Mage {Wiz Archmagi}
 59200 | Spider:4 | Identified the +0 robe "Dexixos" {-Cast rPois Slay+5}
 59658 | Spider:4 | Got a gossamer rune of Zot
 60503 | Vaults:1 | Entered Level 1 of the Vaults
 60565 | Vaults:1 | Reached skill level 5 in Stealth
 60745 | Vaults:1 | Found a flickering gateway to a bazaar.
 60754 | Bazaar   | Entered a bazaar
 60754 | Bazaar   | Found Etum's Assorted Antiques.
 60759 | Bazaar   | Found Hyhif's Antique Weapon Shop.
 60762 | Bazaar   | Found Oger's Antique Weapon Boutique.
 60765 | Bazaar   | Found Ykit Ysch's Weapon Shoppe.
 60802 | Bazaar   | Bought an ancient mace for 208 gold pieces
 60802 | Bazaar   | Identified the +1 mace of Vanity {flame, rElec rCorr Dex+3}
                  | (You bought it in a shop in a bazaar)
 60814 | Bazaar   | Bought a fizzy clear potion for 24 gold pieces
 60814 | Bazaar   | Bought a potion of might for 108 gold pieces
 60814 | Bazaar   | Bought a viscous black potion for 24 gold pieces
 60939 | Vaults:1 | Reached skill level 18 in Fighting
 60940 | Vaults:1 | HP: 7/163 [yaktaur captain/bolt (22)]
 62678 | Vaults:1 | Identified the serpent talisman of the Volcano {+Blink rF-
                  | rN+ Dex+3}
 62678 | Vaults:1 | Noticed Aizul
 62691 | Vaults:1 | Killed Aizul
 63100 | Vaults:2 | Paralysed by a formless jellyfish for 1 turns
 63499 | Vaults:2 | Reached XP level 20. HP: 149/172 MP: 6/20
 63503 | Vaults:2 | Reached skill level 15 in Evocations
 63508 | Vaults:2 | Slain by a war gargoyle

Illustrated notes

Levels and vault maps discovered:
D:1:      minmay_arrival_glassed_features, layout_rooms
D:2:      layout_basic, ebering_ecumenical_altar_rust, chequers_arboretum,
          uniq_natasha, uniq_robin
D:3:      cheibrodos_helix_gallery, layout_basic, mainiacjoe_overflow_chevrons,
          dk_noncrumbling_2, kennysheep_another_room, kennysheep_generic_room_13
D:4:      layout_basic, minmay_misc_feat_diagonals, grunt_decor_mini_mirrors
D:5:      layout_gridville, kennysheep_mini_moat
D:6:      layout_cave_pools, billiards_dpeg
D:7:      layout_loops_cross, minmay_temple_entry_poolview,
          uniq_crazy_yiuf_cottage
D:8:      layout_layer_cave, nicolae_ru_great_annihilating_truth
D:9:      layout_irregular_city, nicolae_dithmenos_shadow_blocks, tso_metal_star
D:10:     layout_basic, amcnicky_altar_gilded,
          lemuel_mausoleum_altar_kikubaaqudgha, hellmonk_lair_entry_icy,
          serial_curves, eino_curves_02, eino_curves_03, eino_curves_02,
          eino_curves_01, uniq_grum
D:11:     layout_big_octagon, minmay_between
D:12:     layout_loops_cross, grunt_ministairs_8,
          nicolae_gozag_zags_fifth_avenue, uniq_rupert
D:13:     layout_long_grid, nicolae_trove_entry_diagonal, uniq_frances
D:14:     layout_loops_ring, skrybe_vaults_entry_preservation,
          minmay_staircase_windowed_small, uniq_agnes
D:15:     grunt_enter_depths_hoard, layout_gridville, lemuel_round_altar,
          minmay_fractal_squares_5
Lair:1:   layout_chaotic_city, cheibrodos_lair_reptile_den
Lair:2:   layout_regular_city, nicolae_spider_entry_orb_guardian,
          ebering_ghost_reflecting_pool, grunt_megastairs_3,
          infiniplex_staircase_pool, serial_bayou_shore_a, lemuel_fruit_tree
Lair:3:   layout_long_grid, nicolae_swamp_entry_splash_gauntlet, minivault_19,
          minmay_lair_oklob_bushes, kennysheep_snail_temple, uniq_snorg
Lair:4:   layout_hall_layers, infiniplex_staircase_pool_2, grunt_megastairs_5,
          serial_bayou_shore_b, uniq_josephine
Lair:5:   grunt_lair_end_beastmaster, layout_gridlike, slime_entry_1,
          nzn_masters_of_martial_movement
Swamp:1:  layout_falls_marsh, evilmike_swamp_ruin_house_4
Swamp:2:  layout_basic_swamp, hangedman_swamp_lotus, swamp_pool_1_2,
          hangedman_swamp_blocks
Swamp:3:  layout_falls_marsh, nicolae_swamp_trees_clearing, swamp_pool_1_2,
          nicolae_swamp_necromancer_hut
Swamp:4:  swamp_fiery, layout_basic_swamp, swamp_pool_1_2,
          nicolae_swamp_well_well_well
Spider:1: layout_spider_delve
Spider:2: nicolae_spider_hilbert_zone_6 [nicolae_spider_hilbert_4_sides_1_open,
          nicolae_spider_hilbert_4_sides_1_open,
          nicolae_spider_hilbert_4_sides_1_open,
          nicolae_spider_hilbert_4_sides_1_open,
          nicolae_spider_hilbert_4_sides_1_open,
          nicolae_spider_hilbert_4_sides_1_open,
          nicolae_spider_hilbert_4_sides_1_open], uniq_roxanne, uniq_arachne
Spider:3: layout_spider_delve
Spider:4: hellmonk_spider_rune_endless_swarm, hangedman_spider_tarantella_strand
Orc:1:    layout_diamond_mine, mines5_lemuel
Orc:2:    st_orc_town, layout_caves, minmay_orc_treasury
Vaults:1: nicolae_vaults_trapezoid_4, nicolae_vaults_trapezoid_3,
          hangedman_vaults_locks, nicolae_vaults_three_branches,
          vaults_room_grunt_arrival_ludios, nicolae_vaults_bisected_exclaves,
          nicolae_vaults_trapezoid_lopsided_4, vaults_room_boxed,
          serial_library_hellmonk_semicircle, vaults_standard_mumra_x,
          nicolae_vaults_apartment_2, nicolae_vaults_apartment_1,
          layout_vaults_maze_bifur, serial_shops, bzr_entry_gold, uniq_aizul
Vaults:2: nicolae_vaults_six-pack, hangedman_vaults_nodes,
          minmay_crypt_entry_simple_walls, nicolae_vaults_tetromino_T_1,
          nicolae_vaults_weapon_check, nicolae_vaults_trapezoid_1,
          grunt_vaults_hallway_short, layout_vaults_omnigrid, serial_shops,
          nicolae_shop_crystal

Skill      XL: |  1  2  3  4  5  6  7  8  9 10 11 12 13 14 15 16 17 18 19 20 |
---------------+-------------------------------------------------------------+-----
Dodging        | 1 2 6 8 11 12 13 | 13.6
Fighting       | 3 4 5 7 9 10 14 17 18 | 18.4
Stealth        | 4 6 |  6.6
Short Blades   | 4 7 |  7.0
Maces & Flails | 5 9 12 14 15 16 | 16.0
Throwing       | 6 |  6.0
Armour         | 2 6 8 11 12 13 | 13.4
Evocations     | 3 8 12 14 15 | 15.0

Action                     |  1- 3 |  4- 6 |  7- 9 | 10-12 | 13-15 | 16-18 | 19-21 || total
---------------------------+-------+-------+-------+-------+-------+-------+-------++-------
  Melee: Dagger            |   116 |   201 |   388 |       |       |       |       ||   705
         Short sword       |       |   137 |   390 |       |       |       |       ||   527
         Mace              |       |       |   103 |   605 |  1005 |   474 |       ||  2187
         Flail             |       |       |       |   189 |  1024 |   198 |       ||  1411
         Headbutt          |       |       |       |       |   100 |   360 |   174 ||   634
         Morningstar       |       |       |       |       |       |   879 |   394 ||  1273
         Demon whip        |       |       |       |       |       |   576 |   389 ||   965
  Throw: Dart              |     1 |     7 |    19 |     8 |       |       |       ||    35
         Javelin           |       |       |       |     6 |       |       |       ||     6
 Invoke: Potion Petition   |       |       |       |     1 |     4 |     3 |     1 ||     9
         Call Merchant     |       |       |       |       |     3 |     2 |       ||     5
Ability: Invent Gizmo      |       |       |       |       |     1 |       |       ||     1
  Evoke: Wand              |       |       |       |    12 |    17 |    13 |     7 ||    49
         Lightning rod     |       |       |       |       |       |     1 |     3 ||     4
    Use: Scroll            |       |     5 |     6 |    10 |     6 |     9 |     5 ||    41
         Potion            |       |     1 |     3 |     7 |     4 |     5 |     4 ||    24
   Stab: Sleeping          |     5 |     5 |     8 |    10 |    11 |     7 |       ||    46
         Distracted        |       |       |     3 |     7 |     9 |    12 |     4 ||    35
         Paralysed         |       |       |       |     4 |     4 |       |       ||     8
 Armour: Robe              |    33 |    20 |       |       |       |       |       ||    53
         Leather armour    |       |    65 |   312 |   370 |   621 |   208 |       ||  1576
         Ring mail         |       |       |       |       |       |   740 |   123 ||   863
         Chain mail        |       |       |       |       |       |       |   272 ||   272
         Plate armour      |       |       |       |       |       |       |     1 ||     1
  Dodge: Dodged            |    26 |    85 |   196 |   211 |   551 |   917 |   225 ||  2211

Table legend: (Time is in decaauts)
 A = Elapsed time spent in this place.
 B = Non-inter-level travel time spent in this place.
 C = Inter-level travel time spent in this place.
 D = Time resting spent in this place.
 E = Time spent auto-exploring this place.
 F = Levels seen in this place.
 G = Mean time per level.
                   A        B        C        D        E       F      G
               +--------+--------+--------+--------+--------+-----+--------+
         Total |  62284 |  58480 |   3804 |  15990 |  31058 |  33 | 1887.4 |
       Dungeon |  25927 |  24138 |   1789 |   5900 |  14058 |  15 | 1728.5 |
          Lair |  11824 |  10690 |   1134 |   1967 |   6930 |   5 | 2364.8 |
         Swamp |   7264 |   6996 |    268 |   2501 |   3224 |   4 | 1816.0 |
   Spider Nest |  10260 |   9983 |    277 |   4080 |   3551 |   4 | 2565.0 |
  Orcish Mines |   4449 |   4137 |    312 |   1536 |   1472 |   2 | 2224.5 |
        Vaults |   2476 |   2455 |     21 |      5 |   1792 |   2 | 1238.0 |
        Bazaar |     81 |     81 |      0 |      0 |     30 |   1 |   81.0 |
               +--------+--------+--------+--------+--------+-----+--------+

Top non-repeatable levels by time:
    D:10: 3285 daAuts
Spider:1: 3042 daAuts
    D:14: 2979 daAuts
Spider:3: 2794 daAuts
 Swamp:3: 2760 daAuts
  Lair:3: 2759 daAuts
  Lair:5: 2724 daAuts
  Lair:4: 2484 daAuts
   Orc:2: 2413 daAuts
Spider:2: 2400 daAuts
    D:13: 2282 daAuts
 Swamp:2: 2222 daAuts
  Lair:2: 2131 daAuts
     D:8: 2078 daAuts
   Orc:1: 2035 daAuts
